 Dungeon Crawl Stone Soup version 0.22.1-1-ga44c0e5 (webtiles) character file.

358 Goblin1989 the Ruffian (level 6, -6/50 HPs)
             Began as a Ghoul Skald on Oct 22, 2018.
             Was a Follower of Hepliaklqana.
             Killed from afar by an orc wizard (13 damage)
             ... with a puff of flame
             ... on level 4 of the Dungeon.
             The game lasted 00:09:46 (2619 turns).

Goblin1989 the Ruffian (Ghoul Skald)                Turns: 2619, Time: 00:09:47

Health: -6/50      AC:  3    Str: 17    XL:     6   Next: 64%
Magic:  7/7        EV: 11    Int:  8    God:    Hepliaklqana [*.....]
Gold:   156        SH:  0    Dex:  8    Spells: 7/8 levels left

rFire    . . .     SeeInvis .     - Unarmed
rCold    + . .     Gourm    .   (no shield)
rNeg     + + +     Faith    .   a - +0 leather armour
rPois    ∞         Spirit   .   (no helmet)
rElec    .         Reflect  .   (no cloak)
rCorr    .         Harm     .   (no gloves)
MR       .....                  (no boots)
Stlth    +.........             (no amulet)
HPRegen  0.00/turn              (no ring)
MPRegen  0.10/turn              (no ring)

@: rotting
A: rotting body, reduced essence, claws 1, carnivore, cold resistance 1,
negative energy resistance 3, inhibited regeneration, torment resistance,
unbreathing
a: Recall Ancestor, Ancestor Identity, Renounce Religion


You were on level 4 of the Dungeon.
You worshipped Hepliaklqana.
Hepliaklqana was aware of your devotion.
You were not hungry.

You visited 1 branch of the dungeon, and saw 4 of its levels.

You collected 156 gold pieces.

Inventory:

Hand Weapons
 r - a +2 trident of protection
Missiles
 w - 23 sling bullets
 x - 45 stones (quivered) {@Q3}
Armour
 a - a +0 leather armour (worn)
 p - a +0 robe of cold resistance
 q - a +0 helmet
 y - a +0 scale mail
Jewellery
 v - an uncursed ring of ice
Scrolls
 g - 2 scrolls of amnesia {unknown}
 h - a scroll of remove curse {unknown}
 k - a scroll of enchant weapon {unknown}
 m - 6 scrolls of identify {unknown}
 o - a scroll of random uselessness {unknown}
 s - a scroll of fog {unknown}
 A - a scroll of immolation {unknown}
Potions
 f - a potion of mutation {unknown}
 j - 3 potions of degeneration {unknown}
 l - 2 potions of lignification {unknown}
 n - a potion of haste {unknown}
 t - a potion of resistance {unknown}
 u - a potion of heal wounds {unknown}
 B - a potion of curing {unknown}
Comestibles
 e - 7 rations
 z - a chunk of flesh


   Skills:
 - Level 5.0 Fighting
 + Level 2.5 Armour
 - Level 1.7 Dodging
 - Level 5.1 Unarmed Combat
 - Level 1.7 Spellcasting
 - Level 2.6 Charms


You had 7 spell levels left.
You knew the following spells:

 Your Spells              Type           Power        Failure   Level  Hunger
a - Infusion              Chrm           #...         14%         1    ##.....

Your spell library contained the following spells:

 Spells                   Type           Power        Failure   Level  Hunger
 Song of Slaying          Chrm           #.......     22%         2    ###....
 Shroud of Golubria       Chrm/Tloc      #.........   36%         2    ###....
 Regeneration             Chrm/Necr      #.........   58%         3    ####...
 Spectral Weapon          Hex/Chrm       #.......     58%         3    ####...


Dungeon Overview and Level Annotations

Branches:
Dungeon (4/15)
 Temple: D:4-7

Altars:
Dithmenos
Hepliaklqana
Vehumet


Innate Abilities, Weirdness & Mutations

Your body is rotting away.
You thrive on raw meat.
You are immune to poison.
You have sharp fingernails.
You are carnivorous and can eat meat at any time.
Your flesh is cold resistant. (rC+)
You are immune to negative energy. (rN+++)
You do not regenerate when monsters are visible.
You are immune to unholy pain and torment.
You can survive without breathing.
Your life essence is reduced to manifest your ancestor. (-10% HP)


Message History

This raw flesh tastes great!
You regained 8 hp, and now have 49/50 hp.
HP restored.
x - 45 stones {@Q3} (gained 17) Health restored: 50
A - a scroll labeled JELOKU IPPIARU
B - a fuming blue potion 2 orcs come into view.
The orc shouts! x2
An orc priest comes into view. It is wielding a hand axe.
The orc hits you with a flail.
An orc wizard comes into view. It is wielding a dagger of flaming.
You take 1 damage, and have 49/50 hp.
You barely miss the orc.
The orc wizard shouts!
The orc hits you with a flail.
An orc comes into view. It is wielding a falchion.
You take 4 damage, and have 45/50 hp.
The orc shouts!
You scratch the orc.
The orc is moderately wounded.
The orc barely misses you.
You scratch the orc.
The orc is almost dead.
The orc priest calls down the wrath of Beogh upon you.
Beogh smites you!
You take 15 damage, and have 30/50 hp.
MASSIVE DAMAGE!!
You are too injured to fight recklessly!
You are too injured to fight recklessly!
You are too injured to fight recklessly!
You are too injured to fight recklessly!
You are too injured to fight recklessly!
You are too injured to fight recklessly!
You are too injured to fight recklessly!
You are too injured to fight recklessly!
You are too injured to fight recklessly!
You are too injured to fight recklessly!
You are too injured to fight recklessly!
You are too injured to fight recklessly!
You are too injured to fight recklessly!
You are too injured to fight recklessly!
You are too injured to fight recklessly!
You are too injured to fight recklessly!
You are too injured to fight recklessly!
You are too injured to fight recklessly!
You are too injured to fight recklessly!
You are too injured to fight recklessly!
You are too injured to fight recklessly!
You are too injured to fight recklessly!
You are too injured to fight recklessly!
You are too injured to fight recklessly!
Unknown command.
Your leather armour prevents you from hitting the orc.
The orc is almost dead.
The orc hits you but does no damage.
You scratch the orc but do no damage.
The orc is almost dead.
The orc hits you with a flail!
You take 7 damage, and have 23/50 hp.
You closely miss the orc.
The orc is almost dead.
The orc hits you with a flail.
* * * LOW HITPOINT WARNING * * *
You take 3 damage, and have 20/50 hp.
You barely miss the orc.
The orc is almost dead.
You scratch the orc.
You kill the orc!
You completely miss the orc priest.
The orc priest hits you with a hand axe.
* * * LOW HITPOINT WARNING * * *
You take 6 damage, and have 14/50 hp.
You barely miss the orc priest. You claw the orc priest.
The orc priest is moderately wounded.
The orc priest hits you but does no damage.
You claw the orc priest!
You kill the orc priest!
The orc throws a tomahawk.
The tomahawk hits you.
* * * LOW HITPOINT WARNING * * *
You take 3 damage, and have 11/50 hp.
The orc wizard hits you but does no damage.
The orc hits you with a falchion.
* * * LOW HITPOINT WARNING * * *
Items here: )) [ † a hand axe; a flail; a leather armour; an orc corpse You take 1 damage, and have 10/50 hp.
You miss the orc wizard.
The orc wizard points at you and mumbles some strange words.
You resist with some effort. The orc closely misses you.
You miss the orc wizard.
The orc wizard hits you but does no damage.
You closely miss the orc wizard. The orc closely misses you.
The orc wizard barely misses you.
You scratch the orc wizard but do no damage.
The orc closely misses you. The orc wizard closely misses you.
You closely miss the orc wizard. The orc hits you with a falchion.
* * * LOW HITPOINT WARNING * * *
The orc wizard gestures at you while chanting.
The puff of flame hits you!
You die...

█ █.
████.█████ █.█
.......o. █.█
......oo█ █.█
█@█ █ █.█
█R███████.█
█.█
█.........█
█.█
█.████.██.█
█.█ █.█ █.█ ..
█<█ [. █.█ █.█
██ ██.█
...████.█ █.█
█..█
........████.█
█.██
....)........█


You could see the friendly Leofdaeg the ancestor, an orc wizard and 2 orcs.

Vanquished Creatures
  A scorpion (D:2)
  2 orc priests
  An orc wizard (D:4)
  Jessica (D:2)
  Robin (D:2)
  2 adders
  An ooze (D:3)
  2 worms (D:2)
  2 dart slugs (D:1)
  2 leopard geckos
  6 orcs
  2 ball pythons
  6 giant cockroaches
  17 goblins
  11 hobgoblins
  7 jackals
  7 bats
  3 frilled lizards (D:1)
  5 kobolds
  6 rats
85 creatures vanquished.

Vanquished Creatures (collateral kills)
  A hound (D:4)
  An adder (D:2)
  A leopard gecko (D:2)
  2 orcs (D:3)
  A goblin (D:2)
  A hobgoblin (D:2)
  A jackal (D:3)
  A quokka (D:3)
  A bat (D:2)
  A frilled lizard (D:3)
  A kobold (D:2)
12 creatures vanquished.

Vanquished Creatures (others)
  An orc (D:3)
  A quokka (D:3)
2 creatures vanquished.

Grand Total: 99 creatures vanquished

Notes
Turn   | Place    | Note
-------+----------+-------------------------------------------
     0 | D:1      | Goblin1989 the Ghoul Skald began the quest for the Orb.
     0 | D:1      | Reached XP level 1. HP: 17/17 MP: 2/2
    46 | D:1      | Reached XP level 2. HP: 21/24 MP: 3/3
   315 | D:1      | Reached XP level 3. HP: 23/29 MP: 4/4
   923 | D:2      | Found a hazy altar of Hepliaklqana.
   923 | D:2      | Found a shadowy altar of Dithmenos.
   928 | D:2      | Reached XP level 4. HP: 26/36 MP: 5/5
   932 | D:2      | Became a worshipper of Hepliaklqana the Forgotten
  1043 | D:2      | Noticed Jessica
  1049 | D:2      | Killed Jessica
  1049 | D:2      | Reached skill level 5 in Unarmed Combat
  1075 | D:2      | Noticed Robin
  1099 | D:2      | Killed Robin
  1162 | D:2      | Reached XP level 5. HP: 36/40 MP: 6/6
  1844 | D:3      | Found a radiant altar of Vehumet.
  1992 | D:3      | Reached XP level 6. HP: 30/49 MP: 7/7
  1995 | D:3      | Reached skill level 5 in Fighting
  2070 | D:3      | Reached skill level 1 in Armour
  2146 | D:3      | Reached * piety under Hepliaklqana
  2619 | D:4      | Killed from afar by an orc wizard

Skill      XL: |  1  2  3  4  5  6 |
---------------+-------------------+-----
Unarmed Combat | 3 4 5 |  5.1
Fighting       | 3 4 5 |  5.0
Armour         | 2 |  2.5
Dodging        | |  1.7
Spellcasting   | |  1.7
Charms         | |  2.6

Action                   |  1- 3 |  4- 6 || total
-------------------------+-------+-------++-------
Melee: Unarmed           |   130 |   183 ||   313
       Punch             |     2 |     4 ||     6
  Eat: Chunk             |    17 |    32 ||    49
Armor: Leather armour    |    39 |    37 ||    76
Dodge: Dodged            |    91 |    78 ||   169

Vault maps used:
D:1:      lightli_arrival_boilingwater
D:2:      gammafunk_temple_overflow_statue, first_ration, uniq_jessica,
          uniq_robin
D:3:      fiery_altar_vehumet
D:4:      fedhas_bush_and_centaur_altar, okawaru_metal_pillars_1_2,
          kiku_gazebo_garden_becter, uniq_eustachio
